 Dungeon Crawl Stone Soup version 0.20.1-1-g8b1a95d (webtiles) character file.

4366 Gremour the Carver (level 10, -1/56 HPs)
             Began as a Gargoyle Monk on Dec 24, 2017.
             Was a High Priest of Makhleb.
             Slain by an orc warrior
             ... wielding a +2 war axe of flaming
              (4 damage)
             ... on level 7 of the Dungeon.
             The game lasted 00:38:00 (8132 turns).

Gremour the Carver (Gargoyle Monk)                  Turns: 8132, Time: 00:38:01

Health: -1/56      AC: 19    Str: 15    XL:     10   Next: 34%
Magic:  15/15      EV:  7    Int: 11    God:    Makhleb [*****.]
Gold:   188        SH:  0    Dex: 17    Spells: 9/9 levels left

rFire    . . .     SeeInvis .   y - +3 great sword (freeze) (curse)
rCold    . . .     Gourm    .   (shield currently unavailable)
rNeg     + . .     Faith    .   w - +1 chain mail "Qemn" {Dex+2}
rPois    ∞         Spirit   .   (no helmet)
rElec    +         Reflect  .   e - +0 cloak {rPois}
rCorr    .         Harm     .   h - +1 pair of gloves
MR       .....                  (no boots)
Stlth    ..........             (no amulet)
Regen    0.2/turn               (no ring)
MPRegen  0.2/turn               (no ring)

@: no status effects
A: negative energy resistance 1, electricity resistance, unbreathing,
petrification resistance, rot immunity, AC +7
a: Minor Destruction, Lesser Servant of Makhleb, Major Destruction, Greater
Servant of Makhleb, Renounce Religion


You were on level 7 of the Dungeon.
You worshipped Makhleb.
Makhleb was extremely pleased with you.
You were not hungry.

You visited 1 branch of the dungeon, and saw 7 of its levels.
You also visited: Ossuary.

You collected 413 gold pieces.
You spent 225 gold pieces at shops.

Inventory:

Hand Weapons
 a - a +1 falchion
 m - a +2 hand axe of flaming
 y - a cursed +3 great sword of freezing (weapon)
Missiles
 p - 7 tomahawks (quivered)
Armour
 c - a +0 shield
 e - a +0 cloak of poison resistance (worn)
 h - a +1 pair of gloves (worn)
 w - the +1 chain mail "Qemn" (worn) {Dex+2}
   (You found it on level 4 of the Dungeon)

   It affects your dexterity (+2).
Jewellery
 u - an uncursed amulet of regeneration {unknown}
Scrolls
 b - 4 scrolls of remove curse
 f - 2 scrolls of fear
 i - 2 scrolls of identify
 j - a scroll of enchant weapon
 s - 10 scrolls of teleportation
 t - a scroll of immolation {unknown}
 v - a scroll of enchant armour
Potions
 d - 4 potions of curing
 n - 3 potions of flight
 o - a potion of cancellation
 q - 3 potions of invisibility
 r - a potion of magic
Comestibles
 g - 8 chunks of flesh
 k - 4 royal jellies
 l - 3 bread rations
 x - 2 fruits


   Skills:
 - Level 3.2 Fighting
 + Level 11.1 Long Blades
 - Level 2.4 Dodging
 - Level 2.1 Stealth
 - Level 6.2 Shields
 * Level 7.1 Invocations


You had 9 spell levels left.
You didn't know any spells.

Dungeon Overview and Level Annotations

Branches:
Dungeon (7/15)             Temple (0/1) D:4

Altars:
Cheibriados
Gozag
Kikubaaqudgha
Makhleb
Nemelex Xobeh
Okawaru
Xom
The Shining One

Shops:
D:4 [[   D:6 %


Innate Abilities, Weirdness & Mutations

You are resistant to torment.
Your stone body is resilient. (AC +7)
You are immune to poison.
You resist negative energy. (rN+)
You are resistant to electric shocks. (rElec)
You can survive without breathing.
You are immune to petrification.
You are immune to rotting.


Message History

The orc warrior hits you with a war axe of flaming!
* * * LOW HITPOINT WARNING * * *
The orc warrior burns you.
* * * LOW HITPOINT WARNING * * *
You slash the orc warrior! You freeze the orc warrior.
The orc warrior is moderately wounded.
The orc warrior hits you with a war axe of flaming.
* * * LOW HITPOINT WARNING * * *
The orc warrior burns you.
* * * LOW HITPOINT WARNING * * *
You slash the orc warrior! You freeze the orc warrior.
The orc warrior is almost dead.
The orc warrior hits you with a war axe of flaming.
* * * LOW HITPOINT WARNING * * *
The orc warrior burns you.
* * * LOW HITPOINT WARNING * * *
You barely miss the orc warrior.
The orc warrior is almost dead.
The orc warrior hits you with a war axe of flaming.
You die...

#.#######..)[.'..>.......'
#........######..........#
#........# #..........#
#........# #..........#
#........# #..........#
#........# #..........#
#........# #..........
#........######......... #
#.........@o)....# #
########.....[...# #
#.........# # #...).....#
######## ###########
#....... #....... #.......
######### #.......
#.......########.......


You could see an orc warrior.

Vanquished Creatures
  A two-headed ogre (D:6)
  The ghost of tarantulino the Fighter, a novice TeGl of Ru (D:7)
  Sigmund (D:3)
  Duvessa (D:5)
  A black bear (D:7)
  3 ogres (D:7)
  An ice beast (D:5)
  A necrophage (D:6)
  A big kobold (D:7)
  Blork the orc (D:4)
  3 bullfrogs (D:6)
  Dowan (D:5)
  4 scorpions (Ossuary)
  3 wights (D:7)
  2 howler monkeys
  2 crimson imps
  2 bullfrog zombies (D:5)
  4 centaur zombies (Ossuary)
  6 hounds
  8 orc priests
  A gnoll shaman (D:7)
  2 iguanas
  3 orc wizards
  4 worker ants
  3 big kobold zombies (Ossuary)
  3 mummies (Ossuary)
  A worker ant zombie (D:6)
  11 gnolls
  5 adders
  A scorpion zombie (Ossuary)
  A shadow imp (D:5)
  An ooze (D:3)
  An adder zombie (D:3)
  2 worms
  A dart slug (D:1)
  6 leopard geckos
  17 orcs
  8 bats
  6 giant cockroaches
  A gnoll zombie (Ossuary)
  6 goblins
  11 hobgoblins
  9 jackals
  A quokka (D:5)
  A ball python (D:1)
  12 frilled lizards
  A goblin zombie (Ossuary)
  2 hobgoblin zombies (Ossuary)
  13 kobolds
  2 kobold zombies (Ossuary)
  3 orc zombies (Ossuary)
  11 rats
  2 plants (D:7)
199 creatures vanquished.

Vanquished Creatures (collateral kills)
  The ghost of tarantulino the Carver, a novice TeFi (D:6)
  A black bear (D:6)
  A centaur (D:6)
  A big kobold (D:7)
  A gnoll sergeant (D:7)
  A centaur skeleton (D:7)
  An orc priest (D:6)
  A bullfrog skeleton (D:7)
  2 worker ant zombies (D:6)
  4 gnolls (D:7)
  An adder (D:6)
  5 orcs
  3 hobgoblins (D:7)
  2 kobolds (D:7)
  A quokka skeleton (D:6)
26 creatures vanquished.

Vanquished Creatures (others)
  A human (D:7)
  A scorpion (Ossuary)
  6 plants (D:7)
8 creatures vanquished.

Grand Total: 233 creatures vanquished

Notes
Turn   | Place    | Note
-------+----------+-------------------------------------------
     0 | D:1      | Gremour the Gargoyle Monk began the quest for the Orb.
     0 | D:1      | Reached XP level 1. HP: 14/14 MP: 1/1
    50 | D:1      | Reached skill level 3 in Long Blades
    97 | D:1      | Reached XP level 2. HP: 19/19 MP: 2/2
   667 | D:2      | Reached XP level 3. HP: 23/23 MP: 3/3
  1047 | D:2      | Reached skill level 1 in Shields
  1246 | D:2      | Found a burning altar of Makhleb.
  1286 | D:2      | Became a worshipper of Makhleb the Destroyer
  1286 | D:2      | Reached * piety under Makhleb
  1286 | D:2      | Reached ** piety under Makhleb
  1393 | D:3      | Found an iron altar of Okawaru.
  1397 | D:3      | Reached XP level 4. HP: 18/28 MP: 4/4
  1420 | D:3      | Reached skill level 4 in Long Blades
  1584 | D:3      | Found a sparkling altar of Nemelex Xobeh.
  1823 | D:3      | Noticed Sigmund
  1837 | D:3      | Killed Sigmund
  1837 | D:3      | Reached skill level 5 in Long Blades
  1837 | D:3      | Reached XP level 5. HP: 29/32 MP: 5/5
  1837 | D:3      | Reached XP level 6. HP: 34/37 MP: 6/6
  1874 | D:3      | Reached skill level 6 in Long Blades
  2290 | D:4      | Found Cagifad's Antique Armour Shoppe.
  2360 | D:4      | Found a glowing golden altar of the Shining One.
  2425 | D:4      | Reached *** piety under Makhleb
  2481 | D:4      | Found a sand-covered staircase.
  2491 | Ossuary  | Entered an ossuary
  2682 | Ossuary  | Reached XP level 7. HP: 28/41 MP: 7/7
  2717 | Ossuary  | Reached skill level 7 in Long Blades
  3392 | Ossuary  | Reached skill level 8 in Long Blades
  3657 | D:4      | Found a staircase to the Ecumenical Temple.
  3698 | D:4      | Noticed Blork the orc
  3749 | D:4      | Killed Blork the orc
  3749 | D:4      | Reached XP level 8. HP: 31/46 MP: 8/8
  4080 | D:4      | Reached skill level 1 in Invocations
  4138 | D:4      | Found Eliotz's Antique Armour Boutique.
  4213 | D:4      | Got a bloodstained chain mail
  4224 | D:4      | Identified the +1 chain mail "Qemn" {Dex+2} (You found it on level 4 of the Dungeon)
  4262 | D:5      | Entered Level 5 of the Dungeon
  4387 | D:5      | Noticed Duvessa
  4390 | D:5      | Noticed Dowan
  4443 | D:5      | Killed Duvessa
  4477 | D:5      | Killed Dowan
  4714 | D:5      | Found an opulent altar of Gozag.
  4824 | D:5      | Reached **** piety under Makhleb
  5281 | D:5      | Reached skill level 9 in Long Blades
  5450 | D:5      | Reached skill level 5 in Shields
  5649 | D:6      | Noticed tarantulino's ghost (novice TeFi)
  5694 | D:6      | Killed tarantulino's ghost
  5694 | D:6      | Reached XP level 9. HP: 22/51 MP: 10/10
  5893 | D:6      | Found Zabraghae's Food Shoppe.
  5964 | D:4      | Bought a glowing cloak for 225 gold pieces
  6108 | D:6      | Found a shimmering altar of Xom.
  6189 | D:6      | Found an ancient bone altar of Kikubaaqudgha.
  6418 | D:6      | Noticed a two-headed ogre
  6437 | D:6      | Killed a two-headed ogre
  6437 | D:6      | Reached skill level 10 in Long Blades
  6437 | D:6      | Reached skill level 5 in Invocations
  7256 | D:7      | Found a snail-covered altar of Cheibriados.
  7483 | D:7      | Noticed tarantulino's ghost (novice TeGl)
  7506 | D:7      | Killed tarantulino's ghost
  7506 | D:7      | Reached XP level 10. HP: 56/56 MP: 14/14
  7716 | D:7      | Reached skill level 11 in Long Blades
  7745 | D:7      | Reached ***** piety under Makhleb
  7949 | D:7      | Found an ancient bone altar of Kikubaaqudgha.
  8130 | D:7      | HP: 2/56 [orc warrior/war axe of flaming (1)]
  8132 | D:7      | Slain by an orc warrior

Skill      XL: |  1  2  3  4  5  6  7  8  9 10 |
---------------+-------------------------------+-----
Long Blades    | 3 5 6 8 9 10 11 | 11.1
Shields        | 1 2 6 |  6.2
Invocations    | 1 6 7 |  7.1
Fighting       | |  3.2
Dodging        | |  2.4
Stealth        | |  2.1

Action                   |  1- 3 |  4- 6 |  7- 9 | 10-12 || total
-------------------------+-------+-------+-------+-------++-------
Melee: Falchion          |   135 |   257 |   739 |   192 ||  1323
       Great sword       |       |       |       |    18 ||    18
Invok: Minor Destruction |       |     1 |    15 |       ||    16
       Lesser Servant of |       |       |     5 |       ||     5
       Major Destruction |       |       |     1 |       ||     1
  Use: Scroll            |       |     4 |     9 |       ||    13
       Potion            |       |     1 |     8 |       ||     9
 Stab: Sleeping          |     2 |       |       |       ||     2
  Eat: Chunk             |     2 |     4 |     8 |     3 ||    17
       Fruit             |       |       |     2 |       ||     2
       Meat ration       |       |       |     1 |       ||     1
       Royal jelly       |       |       |     1 |       ||     1
Armor: Robe              |     5 |       |       |       ||     5
       Ring mail         |    71 |    17 |       |       ||    88
       Scale mail        |       |    22 |       |       ||    22
       Chain mail        |       |   117 |   315 |   119 ||   551
Dodge: Dodged            |    74 |    42 |    99 |    48 ||   263
Block: Shield            |    53 |    96 |   257 |   104 ||   510
       Rpst.: Falchion   |    27 |    15 |    32 |     9 ||    83
       Great sword       |       |       |       |     1 ||     1
